 Dungeon Sprint DCSS version 0.30.1-11-g7821555f0a (webtiles) character file.

Game seed: 17654837302211078381

586 Groucho the Destroyer (level 7, -2/36 HPs)
             Began as a Deep Elf Earth Elementalist on Jan 2, 2024.
             Was a High Priest of Sif Muna.
             Slain by a demonic crawler (5 damage)
             ... in the Dungeon (Sprint VII: "The Pits").
             The game lasted 00:04:29 (2291 turns).

Groucho the Destroyer (Deep Elf Earth Elementalist) Turns: 2291, Time: 00:04:31

Health: -2/36      AC:  2    Str:  5    XL:     7   Next: 15%
Magic:  8/13       EV: 12    Int: 22    God:    Sif Muna [*****.]
Gold:   0          SH:  0    Dex: 15    Spells: 4/12 levels left

rFire   . . .        i - +2 falchion
rCold   . . .        (no shield)
rNeg    . . .        a - +0 robe
rPois   .            (no helmet)
rElec   .            (no cloak)
rCorr   .            (no gloves)
SInv    .            (no boots)
Will    .....        (no amulet)
Stlth   ++           (no ring)
HPRegen 0.26/turn    (no ring)
MPRegen 0.13/turn

%: no teleportation
@: no status effects
A: no striking features
a: Renounce Religion, Channel Magic, Forget Spell, Divine Exegesis


You were in the Dungeon.
You worshipped Sif Muna.
Sif Muna was extremely pleased with you.
You visited 1 branch

Inventory:

Hand Weapons
 h - a +2 dagger
 i - a +2 falchion (weapon)
Missiles
 n - 10 stones
Armour
 a - a +0 robe (worn)
Scrolls
 g - a scroll of blinking
 k - 5 scrolls of amnesia
 m - 2 scrolls of vulnerability
Potions
 b - 4 potions of magic
 c - 6 potions of curing
 d - 5 potions of heal wounds
 e - a potion of haste
 f - 3 potions of berserk rage
 j - 2 potions of invisibility


   Skills:
 - Level 2.4 Dodging
 - Level 2.4 Stealth
 - Level 3.0 Spellcasting
 + Level 12.0 Conjurations
 + Level 7.2 Transmutations
 - Level 10.0 Earth Magic


You had 4 spell levels left.
You knew the following spells:

 Your Spells              Type           Power      Damage    Failure   Level
a - Sandblast             Erth           94%        2d19      1%          1
b - Stone Arrow           Conj/Erth      100%       3d13      1%          3
c - Petrify               Tmut/Erth      41%        N/A       3%          4

Your spell library contained the following spells:

 Spells                   Type           Power      Damage    Failure   Level
 Passwall                 Tmut/Erth      34%        N/A       1%          2
 Blink                    Tloc           6%         N/A       19%         2
 Gell's Gravitas          Tloc           3%         N/A       36%         3
 Iron Shot                Conj/Erth      25%        9d5       21%         6


Dungeon Overview and Level Annotations

Branches:
Dungeon (1/1)

Altars:
Ashenzari
Cheibriados
Dithmenos
Elyvilon
Fedhas
Gozag
Hepliaklqana
Kikubaaqudgha
Makhleb
Nemelex Xobeh
Okawaru
Qazlal
Ru
Sif Muna
Trog
Uskayaw
Vehumet
Wu Jian
Xom
Yredelemnul
Zin
The Shining One
Jiyva
Lugonu


Message History

Your butterfly dies!
Your butterfly disappears in a burst of colours!
You close the door.
Unknown command.
You start resting.
There are monsters nearby!
There are monsters nearby!
There are monsters nearby!
You swap places.
The demonic crawler hits your butterfly!
Your butterfly dies!
Your butterfly disappears in a burst of colours!
Casting: Stone Arrow (safe; 1% risk of failure)
Confirm with . or Enter, or press ? or * to list all spells.
Aiming: Stone Arrow (safe; 1% risk of failure)
Press: ? - help, Shift-Dir - straight line, f - demonic crawler
Aim: a demonic crawler (89% to hit)
The stone arrow hits the demonic crawler!!
The demonic crawler is heavily wounded.
Unknown command.
Unknown command.
Casting: Stone Arrow (safe; 1% risk of failure)
Confirm with . or Enter, or press ? or * to list all spells.
Aiming: Stone Arrow (safe; 1% risk of failure)
Press: ? - help, Shift-Dir - straight line, f/p - demonic crawler
Aim: a demonic crawler (moderately wounded, 89% to hit)
The stone arrow hits the demonic crawler!!
The demonic crawler is severely wounded.
The demonic crawler hits you!
* * * LOW HITPOINT WARNING * * *
The demonic crawler closely misses you. The demonic crawler hits you.
* * * LOW HITPOINT WARNING * * *
Unknown command.
You feel much better. The demonic crawler closely misses you.
The demonic crawler hits you! x2
* * * LOW HITPOINT WARNING * * *
The demonic crawler hits you.
* * * LOW HITPOINT WARNING * * *
The demonic crawler closely misses you. The demonic crawler hits you.
You die...

#....'.))'.##.....
##########.##.....
#.).........'.....
#)#####'#####.....
#.#..#.....##.....
#.#))#####'#####'#
#.#))#...).##.....
#.#))#.†...##.....
#@#[[###'####.....
#s##'#.....##...<.
#o#......†.##.....
#.#........##.....
#'###########.....
#..#.#.##..#######
#....bb.#b######
##.#o#b##b#....#
#.......#b#o...#


You could see a demonic crawler and an orc.

Vanquished Creatures
  A vampire mosquito (D)
  A centaur (D)
  A phantom (D)
  3 wights (D)
  2 quasits (D)
  A hound (D)
  Jessica (D)
  A mummy (D)
  A gnoll (D)
  2 ufetubi (D)
  An orc (D)
  An endoplasm (D)
  A giant cockroach (D)
  2 goblins (D)
  A hobgoblin (D)
  2 jackals (D)
  2 ball pythons (D)
  A frilled lizard (D)
  A rat (D)
26 creatures vanquished.

Notes
Turn   | Place    | Note
-------+----------+-------------------------------------------
     0 | D        | Groucho the Deep Elf Earth Elementalist began the quest for
                  | the Orb.
     0 | D        | Reached XP level 1. HP: 10/10 MP: 6/6
    40 | D        | Found a glowing golden altar of the Shining One.
    40 | D        | Found a glowing silver altar of Zin.
    40 | D        | Found a basalt altar of Yredelemnul.
    40 | D        | Found a shimmering altar of Xom.
    40 | D        | Found an ornate altar of the Wu Jian Council.
    40 | D        | Found a bloodstained altar of Trog.
    40 | D        | Found a shimmering blue altar of Sif Muna.
    40 | D        | Found a sacrificial altar of Ru.
    40 | D        | Found a stormy altar of Qazlal.
    40 | D        | Found an iron altar of Okawaru.
    40 | D        | Found a sparkling altar of Nemelex Xobeh.
    40 | D        | Found a burning altar of Makhleb.
    40 | D        | Found a viscous altar of Jiyva.
    40 | D        | Found a hazy altar of Hepliaklqana.
    40 | D        | Found an opulent altar of Gozag.
    40 | D        | Found a blossoming altar of Fedhas.
    40 | D        | Found a white marble altar of Elyvilon.
    40 | D        | Found a shadowy altar of Dithmenos.
    40 | D        | Found a snail-covered altar of Cheibriados.
    41 | D        | Found a radiant altar of Vehumet.
    41 | D        | Found a corrupted altar of Lugonu.
    42 | D        | Found an ancient bone altar of Kikubaaqudgha.
    42 | D        | Found a hide-covered altar of Uskayaw.
    42 | D        | Found a broken altar of Ashenzari.
    43 | D        | Became a worshipper of Sif Muna the Loreminder
    53 | D        | Reached skill level 5 in Earth Magic
   285 | D        | Reached * piety under Sif Muna
   286 | D        | Reached XP level 2. HP: 15/15 MP: 8/8
   293 | D        | Reached ** piety under Sif Muna
   653 | D        | Noticed Jessica
   672 | D        | Reached *** piety under Sif Muna
   673 | D        | Reached XP level 3. HP: 8/19 MP: 2/9
   673 | D        | Killed Jessica
   674 | D        | Reached XP level 4. HP: 10/24 MP: 1/10
   678 | D        | Learned a level 3 spell: Stone Arrow
   796 | D        | Noticed a phantom
   801 | D        | Reached skill level 2 in Conjurations
   801 | D        | Reached skill level 10 in Earth Magic
   802 | D        | Killed a phantom
   802 | D        | Reached **** piety under Sif Muna
   803 | D        | Reached skill level 7 in Conjurations
   803 | D        | Reached XP level 5. HP: 28/28 MP: 5/11
  1039 | D        | Noticed a centaur
  1041 | D        | Killed a centaur
  1042 | D        | Reached skill level 9 in Conjurations
  1384 | D        | Noticed a vampire mosquito
  1387 | D        | Killed a vampire mosquito
  1388 | D        | Reached skill level 11 in Conjurations
  1388 | D        | Reached skill level 5 in Transmutations
  1388 | D        | Reached XP level 6. HP: 25/32 MP: 2/12
  1393 | D        | Learned a level 4 spell: Petrify
  1566 | D        | Reached ***** piety under Sif Muna
  1566 | D        | Received a gift from Sif Muna
  1951 | D        | Got Wasiugig's Quarto of the Wayfarer and Bombardment {god
                  | gift}
  2262 | D        | Noticed a demonic crawler
  2266 | D        | Reached XP level 7. HP: 36/36 MP: 6/13
  2267 | D        | Reached skill level 12 in Conjurations
  2291 | D        | Slain by a demonic crawler

Illustrated notes

Levels and vault maps discovered:
D:        pitsprint [storerooms_1, entrance_room_1, metal_vault_3, armoury_2,
          mini_pit_1, grid_room_1, main_hall_1, silver_pit, the_coven_1,
          the_vestibule_1, steel_vault_5, golden_pit, hallway_of_sentries,
          crystal_vault_1, iron_vault_3, final_vault]

Skill      XL: |  1  2  3  4  5  6  7 |
---------------+----------------------+-----
Earth Magic    | 5 8 9 10 | 10.0
Conjurations   | 7 11 12 | 12.0
Transmutations | 5 6 7 |  7.2
Dodging        | |  2.4
Stealth        | |  2.4
Spellcasting   | |  3.0

Action                     |  1- 3 |  4- 6 |  7- 9 || total
---------------------------+-------+-------+-------++-------
  Melee: Falchion          |     3 |     1 |       ||     4
   Cast: Sandblast         |    18 |     4 |       ||    22
         Stone Arrow       |       |    12 |     4 ||    16
    Use: Potion            |       |       |     2 ||     2
         Scroll            |       |       |     1 ||     1
   Stab: Sleeping          |     1 |       |       ||     1
 Armour: Robe              |     9 |     1 |       ||    10
  Dodge: Dodged            |    22 |     3 |     4 ||    29
